 Dungeon Crawl Stone Soup version 0.30-a0-12-gd8047c6341 (webtiles) character file.

Game seed: 17804251556629775056

1524 greasedhog the Cudgeller (level 8, -1/49 HPs)
             Began as a Gargoyle Abyssal Knight on Aug 24, 2022.
             Was an Elder of Lugonu.
             Killed from afar by a white imp (6 damage)
             ... with a puff of frost
             ... on level 6 of the Dungeon.
             The game lasted 00:08:40 (5963 turns).

greasedhog the Cudgeller (Gargoyle Abyssal Knight)  Turns: 5963, Time: 00:08:40

Health: -1/49      AC: 14    Str: 18    XL:     8   Next: 84%
Magic:  13/13      EV:  9    Int: 12    God:    Lugonu [****..]
Gold:   247        SH:  0    Dex: 10    Spells: 7/7 levels left

rFire   . . .      SeeInvis .    b - +2 dire flail (vorpal)
rCold   . . .      Faith    .    (shield currently unavailable)
rNeg    + . .      Spirit   .    u - +0 scale mail
rPois   ∞          Reflect  .    h - +2 hat
rElec   +          Harm     .    (no cloak)
rCorr   +          Rampage  .    (no gloves)
Will    .....                    (no boots)
Stlth   ..........               (no amulet)
HPRegen 0.16/turn                f - ring of resist corrosion
MPRegen 0.13/turn                (no ring)

@: no status effects
A: sickness immunity, AC +5, negative energy resistance 1, electricity
resistance, torment resistance 1, petrification resistance
a: Renounce Religion, Depart the Abyss, Bend Space, Banish, Corrupt


You were on level 6 of the Dungeon.
You worshipped Lugonu.
Lugonu was greatly pleased with you.
You visited 2 branches of the dungeon, and saw 7 of its levels.
You visited the Abyss 1 time.

You collected 247 gold pieces.

Inventory:

Hand Weapons
 b - a +2 vorpal dire flail (weapon)
Missiles
 e - 2 poisoned darts
 p - 2 curare-tipped darts (quivered)
Armour
 h - a +2 hat (worn)
 u - a +0 scale mail (worn)
Jewellery
 f - a ring of resist corrosion (left hand)
Wands
 i - a wand of paralysis (16)
 j - a wand of flame (27)
 q - a wand of digging (7)
Scrolls
 c - 2 scrolls of blinking
 l - a scroll of fear
 n - a scroll of poison
 o - a scroll of magic mapping
 r - a scroll of enchant armour
 t - a scroll of identify
Potions
 a - a potion of heal wounds {unknown}
 g - a potion of flight
 k - 2 potions of mutation {unknown}
 m - a potion of lignification {unknown}
 s - 2 potions of cancellation
 v - a potion of curing


   Skills:
 - Level 5.0 Fighting
 * Level 7.8 Maces & Flails
 - Level 2.1 Armour
 - Level 0.7 Dodging
 * Level 7.6 Invocations


You had 7 spell levels left.
You didn't know any spells.
Your spell library contained the following spells:

 Spells                   Type           Power      Damage    Failure   Level
 Magic Dart               Conj           0%         1d3       71%         1
 Shock                    Conj/Air       0%         1d3       71%         1
 Call Imp                 Summ           0%         N/A       85%         2
 Call Canine Familiar     Summ           0%         N/A       97%         3
 Mephitic Cloud           Conj/Pois/Air  0%         N/A       97%         3
 Portal Projectile        Hex/Tloc       0%         N/A       97%         3
 Swiftness                Air            0%         N/A       97%         3
 Airstrike                Air            0%         2d(0-16)  100%        4
 Leda's Liquefaction      Hex/Erth       0%         N/A       100%        4


Dungeon Overview and Level Annotations

Branches:
Dungeon (6/15)             Temple (1/1) D:5

Altars:
Dithmenos
Ru

Shops:
D:4 (


Innate Abilities, Weirdness & Mutations

You are immune to sickness and miasma.
Your stone body is resilient. (AC +5)
You are immune to poison.
You resist negative energy. (rN+)
You are resistant to electric shocks. (rElec)
You are resistant to unholy torment.
You are immune to petrification.


Message History

The centaur shoots an arrow.
The arrow hits you!
The centaur shoots an arrow.
The arrow closely misses you. The white imp gestures at you.
The puff of frost hits you.
You are too injured to fight recklessly!
You are too injured to fight recklessly!
You are too injured to fight recklessly!
You are too injured to fight recklessly!
You are too injured to fight recklessly!
You are too injured to fight recklessly!
The centaur unwields a +0 shortbow.
The centaur hits you but does no damage.
The centaur barely misses you. The white imp gestures at you.
The puff of frost hits you.
* * * LOW HITPOINT WARNING * * *
You thump the centaur!
The centaur is severely wounded.
The centaur hits you but does no damage.
The centaur closely misses you.
You barely miss the centaur.
The centaur is severely wounded.
The centaur hits you.
* * * LOW HITPOINT WARNING * * *
The centaur barely misses you. The centaur hits you.
* * * LOW HITPOINT WARNING * * *
The centaur closely misses you.
You barely miss the centaur.
The centaur is severely wounded.
The centaur hits you.
* * * LOW HITPOINT WARNING * * *
The centaur barely misses you.
Unknown command.
You impale the centaur!!
You kill the centaur!
Lugonu accepts your kill.
You barely miss the white imp. The white imp gestures at you.
The puff of frost hits you.
You die...

........#........#......#
........#...............#
.......)................#
...........# ##........#
####.#.....####........##
.......#...#.......###.##
...........+.......+.....
...#.......#.......#?...#
.. #.#..@..........#....#
. #...5).)........#....'
#...............#....#
#...............######
...#<#.............
.##.###.#...#....... #
..#..........
.#....#.......


You could see a white imp.

Vanquished Creatures
  Grinder (D:3)
  Eustachio (D:5)
  Edmund (D:4)
  A black bear (D:4)
  An ogre (D:5)
  2 centaurs (D:6)
  2 phantoms (D:5)
  A necrophage (D:5)
  2 hounds (D:5)
  3 jellies
  2 iguanas
  An orc wizard (D:5)
  Robin (D:3)
  13 adders
  4 gnolls
  An ufetubus (D:5)
  A worm (D:5)
  A dart slug (D:4)
  5 orcs
  11 ball pythons
  8 endoplasms
  16 goblins
  13 hobgoblins
  7 quokkas
  2 bats
  5 frilled lizards
  12 kobolds
  2 rats
120 creatures vanquished.

Vanquished Creatures (collateral kills)
  3 goblins (D:3)
  A hobgoblin (D:3)
4 creatures vanquished.

Vanquished Creatures (others)
  An orc (D:6)
1 creature vanquished.

Grand Total: 125 creatures vanquished

Notes
Turn   | Place    | Note
-------+----------+-------------------------------------------
     0 | Abyss:1  | greasedhog the Gargoyle Abyssal Knight began the quest for
                  | the Orb.
     0 | Abyss:1  | Reached XP level 1. HP: 14/14 MP: 2/2
     1 | D:1      | Escaped the Abyss
   279 | D:1      | Reached XP level 2. HP: 18/19 MP: 3/3
   295 | D:1      | Found a faded altar of an unknown god.
  1117 | D:2      | Reached XP level 3. HP: 20/24 MP: 4/4
  1462 | D:2      | Reached XP level 4. HP: 30/30 MP: 5/5
  1601 | D:2      | Reached *** piety under Lugonu
  1996 | D:2      | Reached XP level 5. HP: 34/34 MP: 6/6
  2045 | D:2      | Reached skill level 5 in Fighting
  2115 | D:2      | Found a sacrificial altar of Ru.
  2821 | D:3      | Noticed Robin
  2875 | D:3      | Killed Robin
  3196 | D:3      | Noticed Grinder
  3219 | D:3      | Paralysed by Grinder for 2 turns
  3223 | D:3      | Paralysed by Grinder for 5 turns
  3233 | D:3      | Killed Grinder
  3234 | D:3      | Reached skill level 5 in Maces & Flails
  3234 | D:3      | Reached XP level 6. HP: 16/40 MP: 6/8
  3489 | D:3      | Reached **** piety under Lugonu
  3581 | D:4      | Noticed Edmund
  3971 | D:4      | Killed Edmund
  3972 | D:4      | Reached XP level 7. HP: 35/44 MP: 10/10
  4214 | D:4      | Reached skill level 5 in Invocations
  4515 | D:4      | Found Vifusaxi's Antique Weapon Shop.
  4845 | D:5      | Entered Level 5 of the Dungeon
  5010 | D:5      | Found a staircase to the Ecumenical Temple.
  5021 | Temple   | Entered the Ecumenical Temple
  5075 | D:5      | Reached XP level 8. HP: 22/49 MP: 12/12
  5379 | D:5      | Found a shadowy altar of Dithmenos.
  5493 | D:5      | Noticed Eustachio
  5507 | D:5      | Killed Eustachio
  5963 | D:6      | Killed from afar by a white imp

Illustrated notes

Levels and vault maps discovered:
D:1:      eino_arrival_cavern_b, layout_loops_cross, serial_forest,
          infiniplex_forest_clump_small, infiniplex_forest_straight_4,
          infiniplex_forest_lined_2, infiniplex_forest_zigzag_1,
          infiniplex_forest_lined_room_2, basic_ecumenical_altar
D:2:      layout_loops_ring, basic_altar, minmay_snake_closets
D:3:      layout_rooms, guppyfry_early_orc_mine, uniq_robin, uniq_grinder
D:4:      layout_loops_ring, serial_shops, nicolae_inconvenience_store,
          uniq_edmund
D:5:      layout_basic, grunt_dithmenos_shadows, minmay_temple_entry_waves,
          roderic_three_in_a_row, wad_rectangle_vault, uniq_eustachio
D:6:      layout_basic
Temple:   bh_familiar_temple

Skill      XL: |  1  2  3  4  5  6  7  8 |
---------------+-------------------------+-----
Fighting       | 4 5 |  5.0
Maces & Flails | 3 5 6 7 |  7.8
Invocations    | 3 4 5 7 |  7.6
Armour         | |  2.1
Dodging        | |  0.7

Action                   |  1- 3 |  4- 6 |  7- 9 || total
-------------------------+-------+-------+-------++-------
Melee: Mace              |    77 |   186 |       ||   263
       Punch             |       |     1 |       ||     1
       Dire flail        |       |       |   122 ||   122
Evoke: Wand              |       |       |     2 ||     2
  Use: Scroll            |       |    10 |     4 ||    14
       Potion            |       |     6 |     1 ||     7
 Stab: Sleeping          |     1 |       |       ||     1
       Paralysed         |       |       |     3 ||     3
Armor: Leather armour    |    12 |       |       ||    12
       Ring mail         |    25 |    49 |       ||    74
       Scale mail        |       |    59 |    71 ||   130
Dodge: Dodged            |    53 |   104 |    69 ||   226

Table legend: (Time is in decaauts)
 A = Elapsed time spent in this place.
 B = Non-inter-level travel time spent in this place.
 C = Inter-level travel time spent in this place.
 D = Time resting spent in this place.
 E = Time spent auto-exploring this place.
 F = Levels seen in this place.
 G = Mean time per level.
                   A        B        C        D        E       F      G
               +--------+--------+--------+--------+--------+-----+--------+
         Total |   5996 |   5755 |    241 |    704 |   4116 |   8 |  749.5 |
       Dungeon |   5994 |   5753 |    241 |    704 |   4116 |   6 |  999.0 |
        Temple |      1 |      1 |      0 |      0 |      0 |   1 |    1.0 |
         Abyss |      1 |      1 |      0 |      0 |      0 |   1 |    1.0 |
               +--------+--------+--------+--------+--------+-----+--------+

Top non-repeatable levels by time:
     D:2: 1325 daAuts
     D:4: 1301 daAuts
     D:3: 1135 daAuts
     D:1: 1118 daAuts
     D:5: 1050 daAuts
     D:6: 62 daAuts
  Temple: 1 daAuts
 Abyss:1: 1 daAuts
